AoeStats
← 2607745682

Arabia

504510463Analyzed
1v1 RM · 28d ago on Sep 5, 2026· 68m 51s· 2 players
Game mode
Random Map
Map size
Tiny (2 player)
Population
200
Speed
Normal
Resources
Standard
Victory
Conquest
Starting age
Dark Age
Ending age
Imperial Age
RankedLock teamsTeams togetherTeam positionsShared explorationLock speedFull tech treeHidden civsTurbo modeCheats
Victory
Defeat
🇨🇳 Teutons · China
653
+19
🇺🇸 Teutons · United States
658
-16
2607745682
7:12 Loom
9:51 Feudal Age
10:40 Horse Collar
10:48 Double-Bit Axe
21:31 Castle Age
22:00 Forging
23:02 Heavy Plow
23:14 Bow Saw
30:08 Wheelbarrow
30:41 Gold Mining
32:20 Hand Cart
32:56 Ballistics
33:07 Scale Barding Armor
33:17 Bloodlines
33:34 Town Watch
34:08 Pikeman
35:27 Iron Casting
35:31 Stone Mining
36:46 Chain Barding Armor
37:10 Masonry
39:34 Imperial Age
37:10 Town Patrol
38:16 Fletching
39:02 Bodkin Arrow
39:50 Padded Archer Armor
40:14 Ironclad
41:25 Chemistry
40:32 Cavalier
41:57 Crenellations
42:01 Conscription
41:07 Pikeman
42:49 Blast Furnace
42:05 Guard Tower
42:34 Squires
42:57 Paladin
44:54 Keep
46:39 Plate Barding Armor
46:05 Halberdier
48:13 Hoardings
47:29 Man-at-Arms
47:57 Arson
49:34 Devotion
50:29 Scale Mail Armor
53:28 Siege Engineers
53:09 Arrowslits
54:29 Two-Man Saw
54:02 Crop Rotation
53:26 Stone Mining
55:04 Fortified Wall
57:31 Man-at-Arms
58:01 Gambesons
58:14 Long Swordsman
59:11 Chain Mail Armor
59:12 Leather Archer Armor
59:23 Crenellations
61:25 Ring Archer Armor
60:18 Two-Handed Swordsman
63:35 Faith
64:44 Champion
Chanbara
5:32 Loom
11:15 Feudal Age
11:48 Double-Bit Axe
19:17 Horse Collar
20:00 Stone Mining
25:04 Castle Age
23:31 Fletching
24:17 Gold Mining
25:59 Bow Saw
25:52 Heavy Plow
26:49 Pikeman
28:58 Stone Shaft Mining
28:38 Devotion
32:10 Squires
32:55 Masonry
34:32 Forging
34:23 Scale Mail Armor
36:13 Ballistics
35:43 Man-at-Arms
37:11 Iron Casting
36:51 Chain Mail Armor
37:11 Fervor
40:05 Imperial Age
37:40 Bodkin Arrow
38:21 Town Watch
39:14 Wheelbarrow
38:26 Town Watch
38:32 Arson
39:16 Fortified Wall
38:56 Guard Tower
40:22 Hand Cart
40:35 Town Patrol
41:58 Blast Furnace
42:01 Siege Engineers
42:49 Crop Rotation
43:44 Two-Man Saw
43:33 Theocracy
43:26 Elite Teutonic Knight
46:52 Chemistry
47:36 Halberdier
52:31 Gambesons
54:55 Plate Mail Armor
55:01 Sanctity
55:09 Illumination
59:44 Keep
65:46 Ironclad
66:49 Hoardings
Connection lost

Rejoining the realm…

Still unreachable

The connection could not be restored.

Session expired

The server has moved on; the page needs a fresh start.